Unix NetHack Version 3.7.0-59 Work-in-progress - last build Jun 11 2022 12:06:21 (957820c7457cdd9d3e79a92e84ff2cda0ad81c79,branch:master). Game began 2022-06-13 07:49:27, ended 2022-06-13 08:03:13. cathartes, neutral female gnomish Archeologist ------------- --------- |...........| |%?[[[%(| ----- |............# |?)[?%.%| |...| |...........|# |.......| |.... -------- -.---.-------# ----|---- |...| +......| # # # ### |....#### |......| # ### ###### -.--- ## |......| #% # #### #### # ##-.......# ## ## ### # ### --------# ## #----- --|------------- # ## # ## #|...| |..............| # ## # ## #....| ####...............| # # ## ## |...-#### |<.............| # # ## |...| ---------------- --|-------- #------.------ |...| |.>^.......##############|......L.H@@| |...| |.........| #-.......Y.@i| ----- ----------- ------------- Cathartes the Digger St:13 Dx:10 Co:13 In:16 Wi:15 Ch:9 Neutral Dlvl:3 $:74 HP:0(12) Pw:3(3) AC:9 Xp:1/11 T:1016 Burdened Hallu Latest messages: You start digging. You hit the rock with all your might. You succeed in cutting away some rock. What do you want to use or apply? [aefgh or ?*] a In what direction do you want to dig? [ykulnjb>] l You start digging. You hit the rock with all your might. You succeed in cutting away some rock. What do you want to use or apply? [aefgh or ?*] a In what direction do you want to dig? [ykulnjb>] l You start digging. You hit the rock with all your might. You succeed in cutting away some rock. What do you want to use or apply? [aefgh or ?*] l You don't have that object. What do you want to use or apply? [aefgh or ?*] Never mind. What do you want to use or apply? [aefgh or ?*] a In what direction do you want to dig? [ykulnjb>] l You start digging. You hit the rock with all your might. You succeed in cutting away some rock. You begin bashing monsters with your pick-axe. You hit the jackal. The jackal bites! You kill the jackal! You see here an emerald potion. You have a little trouble lifting w - an emerald potion. What do you want to drink? [w or ?*] w Oh wow! Everything looks so cosmic! You perceive yourself... Your awareness re-normalizes. What do you want to use or apply? [aefgh or ?*] h What do you want to use or apply? [aefgh or ?*] h You have a little trouble removing $ - 43 gold pieces. What do you want to dip? [a-hnostv or ?*] ? Dip a cursed loadstone into the fountain? [yn] (n) y Dip a cursed loadstone into the fountain? [yn] (n) y An endless stream of flying monkeys pours forth! The succubus misses the peddler. You miss the stone golem. The vampiric watermelon bites! The fog cloud bites! The cave spider bites! The beer wight bites the griffin. The genetic engineer misses the spherical cow. The fire giant bites! The vampire lady's bite was poisoned! You die... Do you want your possessions identified? [ynq] (y) q Major events: Turn 1: cathartes the neutral female gnomish Archeologist entered the dungeon 866: entered the Gnomish Mines 1016: killed by a water moccasin Inventory: Coins $ - 74 gold pieces Weapons e - a blessed +2 bullwhip (alternate weapon; not wielded) Armor c - an uncursed +0 fedora (being worn) b - a blessed +0 leather jacket (being worn) Tools h - an uncursed sack containing 7 items a - an uncursed +0 pick-axe (weapon in hand) f - an uncursed tinning kit (0:83) Scrolls v - a cursed scroll of identify Comestibles d - 2 uncursed food rations o - 2 uncursed food rations t - a cursed food ration n - an uncursed egg Gems/Stones s - a cursed loadstone g - an uncursed touchstone Contents of the sack: a cursed ring of regeneration an uncursed scroll of confuse monster an uncursed scroll of teleportation an uncursed scroll of identify 2 uncursed potions of speed an uncursed potion of sickness an uncursed potion of hallucination Cathartes the Archeologist's attributes: Background: You were a Digger, a level 1 female gnomish Archeologist. You were neutral, nominally on a mission for Camaxtli who was opposed by Quetzalcoatl (lawful) and Huhetotl (chaotic). You were in the Dungeons of Doom, on level 3. You entered the dungeon 1016 turns ago. There was a full moon in effect when your adventure ended. You had 11 experience points, 9 more were needed to attain level 2. Basics: You had 0 out of 12 hit points. You had all 3 energy points (spell power). Your armor class was 9. Your wallet contained 74 buckazoids. Autopickup was on for '$_*' plus thrown, with exceptions. Final Characteristics: Your strength was 13 (limit:18/50). Your dexterity was 10 (limit:18). Your constitution was 13 (limit:18). Your intelligence was 16 (limit:19). Your wisdom was 15 (limit:18). Your charisma was 9 (limit:18). Final Status: You were hallucinating. You were not hungry. You were burdened; movement was slightly slowed. You were wielding a pick-axe. You had basic skill with pick-axe. Final Attributes: You were fervently aligned. You had infravision. You were stealthy. You were fast. You were lucky. You are dead. Miscellaneous: You disabled loading of bones levels. Total elapsed playing time was 13 minutes and 45 seconds. Vanquished creatures: an acid blob a gnome zombie 3 jackals a kobold a bat 2 lichens 2 kobold zombies 5 newts 16 creatures vanquished. No species were genocided or became extinct. Voluntary challenges: You followed a strict vegan diet. You were an atheist. You read items or engraved 2 times. You engraved Elbereth 1 time. You never genocided any monsters. You never polymorphed an object. You never changed form. You used no wishes. Achievements: You entered a shop. You entered the Gnomish Mines. The Dungeons of Doom: levels 1 to 4 Level 1: Level 2: A fountain, a grave. Level 3: <- You were here. A general store, a fountain. Final resting place for you, killed by a water moccasin. Level 4: Stairs down to The Gnomish Mines. The Gnomish Mines: Level 5: Game over: ---------- / \ / REST \ / IN \ / PEACE \ / \ | cathartes | | 74 Au | | killed by a | | water moccasin | | | | | | 2022 | *| * * * | * _________)/\\_//(\/(/\)/\//\/|_)_______ Goodbye cathartes the Archeologist... You died in The Dungeons of Doom on dungeon level 3 with 321 points, and 74 pieces of gold, after 1016 moves. You were level 1 with a maximum of 12 hit points when you died.